 Dungeon Crawl Stone Soup version 0.29.1-15-g9cfb28693d (webtiles) character file.

Game seed: 15266927066733219304

34 Artool the Trooper (level 3, -1/29 HPs)
             Began as a Demonspawn Fighter on Apr 6, 2023.
             Succumbed to a water moccasin's poison
             ... in a sewer.
             The game lasted 00:02:09 (978 turns).

Artool the Trooper (Demonspawn Fighter)              Turns: 978, Time: 00:02:09

Health: -1/29      AC:  6    Str: 18    XL:     3   Next: 14%
Magic:  3/3        EV:  9    Int:  9    God:
Gold:   8          SH:  4    Dex: 12    Spells: 2/2 levels left

rFire   . . .      SeeInvis .   a - +0 flail
rCold   . . .      Faith    .   c - +0 buckler
rNeg    . . .      Spirit   .   b - +0 scale mail
rPois   .          Reflect  .   (no helmet)
rElec   .          Harm     .   (no cloak)
rCorr   .          Rampage  .   (no gloves)
Will    .....                   (no boots)
Stlth   ..........              (no amulet)
HPRegen 0.09/turn               (no ring)
MPRegen 0.08/turn               (no ring)

@: lethally poisoned (-1 -> -16)
A: sturdy frame 1
a: no special abilities


You were in a sewer.
You visited 1 branch of the dungeon, and saw 3 of its levels.
You also visited: Sewer.

You collected 8 gold pieces.

Inventory:

Hand Weapons
 a - a +0 flail (weapon)
Missiles
 l - a throwing net (quivered)
Armour
 b - a +0 scale mail (worn)
 c - a +0 buckler (worn)
Scrolls
 e - a scroll of blinking {unknown}
 f - a scroll of enchant weapon {unknown}
 h - a scroll of fear {unknown}
 i - a scroll of noise {unknown}
 m - a scroll of enchant armour {unknown}
 o - a scroll of summoning {unknown}
Potions
 d - a potion of might
 g - 2 potions of attraction {unknown}
 j - a potion of berserk rage {unknown}
 k - a potion of heal wounds {unknown}
 n - a potion of magic {unknown}


   Skills:
 + Level 3.4 Fighting
 + Level 2.3 Maces & Flails
 + Level 3.1 Armour
 - Level 2.6 Shields


You had 2 spell levels left.
You didn't know any spells.
Your spell library was empty.

Dungeon Overview and Level Annotations

Branches:
Dungeon (3/15)              Sewer (1/1)

Altars:

Annotations:
D:2 Robin


Innate Abilities, Weirdness & Mutations

Your movements are slightly less encumbered by armour. (ER -2)


Message History

You enter the shallow water.
Moving in this stuff is going to be slow.
Key pressed, stopping explore.
No target in view!
No target in view!
You enter the shallow water.
Moving in this stuff is going to be slow.
You enter the shallow water.
Moving in this stuff is going to be slow.
A water moccasin comes into view.
Found a dire flail and a white potion.
The water moccasin hisses angrily.
A water moccasin is nearby!
You sock the water moccasin!
The water moccasin is moderately wounded.
The water moccasin bites you.
You are poisoned.
The water moccasin poisons you! The water moccasin bites you.
A water moccasin is nearby!
You thump the water moccasin!
The water moccasin is severely wounded.
You feel very sick.
The water moccasin bites you but does no damage.
The water moccasin barely misses you.
You closely miss the water moccasin.
The water moccasin is severely wounded.
You feel very sick. The water moccasin bites you.
You are more poisoned.
The water moccasin poisons you! The water moccasin bites you.
* * * LOW HITPOINT WARNING * * *
You miss the water moccasin.
The water moccasin is severely wounded.
* * * LOW HITPOINT WARNING * * *
You feel very sick.
The water moccasin bites you but does no damage.
The water moccasin closely misses you.
You hit the water moccasin.
The water moccasin is severely wounded.
You die...

######## #
###.~..~.## # #
###..~~..~~..### !# #
###.~.~.####~~..~##.)
###.....### ..~~.###
.~..~..## ##..~~~.#
###...~.### ###.~~~~#
# ###.~~.~####~~@S~#
# ###.......~..### #
###......### ########


You could see a water moccasin.

Vanquished Creatures
  An adder (D:2)
  A ball python (D:1)
  A giant cockroach (D:1)
  8 goblins
  4 jackals
  A quokka (D:1)
  2 bats
  2 frilled lizards (D:1)
  A kobold (D:2)
  A rat (D:1)
22 creatures vanquished.

Notes
Turn   | Place    | Note
-------+----------+-------------------------------------------
     0 | D:1      | Artool the Demonspawn Fighter began the quest for the Orb.
     0 | D:1      | Reached XP level 1. HP: 18/18 MP: 1/1
   145 | D:1      | Found a faded altar of an unknown god.
   279 | D:1      | You fall into a shaft and drop 1 floor!
   320 | D:2      | Gained mutation: Your movements are slightly less
                  | encumbered by armour. (ER -2) [demonic ancestry]
   320 | D:2      | Reached XP level 2. HP: 24/24 MP: 2/2
   331 | D:2      | Noticed Robin
   548 | D:3      | Reached XP level 3. HP: 5/29 MP: 3/3
   638 | D:3      | Found a glowing drain.
   649 | Sewer    | Entered a sewer
   972 | Sewer    | Noticed a water moccasin
   978 | Sewer    | Succumbed to a water moccasin's poison

Illustrated notes

Levels and vault maps discovered:
D:1:      dpeg_arrival_tiny_f, layout_loops_ring, serial_shops, shop,
          shapermc_ecumenical_altar_ellora
D:2:      layout_loops_cross, serial_rivers, chequers_serial_rivers_large_a,
          chequers_serial_rivers_micro_d, chequers_serial_rivers_micro_b,
          chequers_serial_rivers_micro_b, uniq_robin
D:3:      layout_basic, cheibrodos_sewer_entry_drain, uniq_terence
Sewer:    sewer_the_moccasin

Skill      XL: |  1 |
---------------+----+-----
Maces & Flails | 2 |  2.3
Armour         | 3 |  3.1
Fighting       | |  3.4
Shields        | |  2.6

Action                   || total
-------------------------++-------
Melee: Flail             ||    94
Armor: Scale mail        ||    76
Dodge: Dodged            ||    70
Block: Buckler           ||    35
